 Dungeon Crawl Stone Soup version 0.20.0-9-g8272e65 (webtiles) character file.

1697159 Unprepared the Unseen (level 26, 212/212 HPs)
             Began as a Demonspawn Wanderer on June 3, 2017.
             Was the Champion of Dithmenos.
             Escaped with the Orb
             ... and 3 runes!
             The game lasted 03:44:46 (68331 turns).

Unprepared the Unseen (Demonspawn Wanderer)        Turns: 68331, Time: 03:44:47

Health: 212/212    AC: 33    Str: 19    XL:     26   Next: 84%
Magic:  40/40      EV: 18    Int: 20    God:    Dithmenos [******]
Gold:   2253       SH: 17    Dex: 19    Spells: 35/51 levels left

rFire    + + +     SeeInvis +   b - +9 quick blade (elec)
rCold    + + .     Gourm    .   m - +2 shield of Resistance {rF+ rC+ MR+}
rNeg     + . .     Faith    .   D - +5 shadow dragon scales
rPois    +         Spirit   .   (helmet unavailable)
rElec    +         Reflect  .   s - +0 cloak {MR+}
rCorr    .         Harm     .   Q - +1 pair of gloves of Buapor {Stlth+}
MR       ++...                  E - +0 pair of boots {Fly}
Stlth    +++++++++.             z - amulet of regeneration
Regen    0.9/turn               Z - ring of the Tempest {Wiz rElec MR- Str+3}
MPRegen  0.3/turn               g - ring of Pragmatism {*Corrode rF++ rC+ Int+2 Slay+6}

@: flying, wreathed by umbra
A: horns 3, slimy green scales 3, see invisible, agile 1, negative energy
resistance 1, nightstalker 3, poison resistance, powered by pain 3, 50% torment
resistance
0: Orb of Zot
}: 3/15 runes: decaying, serpentine, silver
a: Shadow Step, Shadow Form, Renounce Religion, Stop Flying


You escaped.
You worshipped Dithmenos.
Dithmenos was exalted by your worship.
You were full.

You visited 10 branches of the dungeon, and saw 50 of its levels.
You visited the Abyss 1 time.
You also visited: Labyrinth and Ice Cave.

You collected 6748 gold pieces.
You spent 4495 gold pieces at shops.

Inventory:

Hand Weapons
 b - a +9 quick blade of electrocution (weapon)
 c - a +9 rapier of freezing
 d - a +0 blowgun
Missiles
 W - 11 curare-tipped needles
Armour
 m - the +2 shield of Resistance (worn) {rF+ rC+ MR+}
   (You bought it in a shop on level 2 of the Orcish Mines)

   It protects you from fire.
   It protects you from cold.
   It affects your resistance to hostile enchantments.
 s - a +0 cloak of magic resistance (worn)
 D - +5 shadow dragon scales (worn)
 E - a +0 pair of boots of flying (worn)
 Q - the +1 pair of gloves of Buapor (worn) {Stlth+}
   (You bought it in a shop on level 4 of the Depths)

   It makes you more stealthy.
Jewellery
 g - the ring of Pragmatism (right hand) {*Corrode rF++ rC+ Int+2 Slay+6}
   (You bought it in a shop on level 3 of the Snake Pit)

   [ring of protection from cold]

   It affects your intelligence (+2).
   It affects your accuracy and damage with ranged weapons and melee attacks
   (+6).
   It greatly protects you from fire.
   It protects you from cold.
   It may corrode you when you take damage.
 r - an uncursed ring of resist corrosion
 w - an uncursed amulet of rage
 z - an amulet of regeneration (around neck)
 Z - the ring of the Tempest (left hand) {Wiz rElec MR- Str+3}
   (You took it off a vampire on level 3 of the Crypt)

   [ring of wizardry]

   It improves your spell success rate.
   It affects your strength (+3).
   It insulates you from electricity.
   It affects your resistance to hostile enchantments.
Wands
 x - a wand of acid (0/15)
 G - a wand of disintegration (15/24)
 K - a wand of iceblast (3/15)
 O - a wand of iceblast (5/15)
 P - a wand of digging (10/24)
Scrolls
 a - 2 scrolls of enchant weapon
 e - 11 scrolls of identify
 i - 10 scrolls of fog
 j - 11 scrolls of amnesia
 t - 4 scrolls of blinking
 C - 2 scrolls of magic mapping
 I - 10 scrolls of teleportation
 J - 11 scrolls of remove curse
 M - 9 scrolls of recharging
 V - 2 scrolls of summoning
 X - 3 scrolls of brand weapon
 Y - 2 scrolls of fear
Potions
 k - 13 potions of brilliance
 n - 3 potions of haste
 o - 5 potions of curing
 q - a potion of ambrosia
 v - a potion of cancellation
 A - 2 potions of agility
 H - 2 potions of might
 L - 3 potions of resistance
 N - 2 potions of magic
 R - 3 potions of mutation
 S - 2 potions of heal wounds
 T - 2 potions of berserk rage
Miscellaneous
 u - a phantom mirror
Comestibles
 f - 2 bread rations
 h - 19 royal jellies
 l - 27 meat rations
 p - 35 fruits


   Skills:
 - Level 18.3 Fighting
 - Level 14.0 Short Blades
   Level 1.7 Crossbows
 - Level 1.0 Throwing
 - Level 17.3 Armour
 - Level 14.4 Dodging
 * Level 19.8 Stealth
 - Level 17.0 Shields
 + Level 13.4 Spellcasting
 * Level 16.7 Hexes
 - Level 13.0 Invocations
 - Level 1.0 Evocations


You had 35 spell levels left.
You knew the following spells:

 Your Spells              Type           Power        Failure   Level  Hunger
a - Confuse               Hex            ######..     1%          3    None
b - Blink                 Tloc           N/A          16%         2    None
c - Silence               Hex/Air        #####.....   9%          5    ####...
d - Invisibility          Hex            ######..     1%          6    #####..


Dungeon Overview and Level Annotations

Branches:
Dungeon (15/15)            Temple (0/1) D:7            Lair (6/6) D:11
  Swamp (4/4) Lair:2        Snake (4/4) Lair:3        Slime (0/5) Lair:6
    Orc (2/2) D:11            Elf (1/3) Orc:2        Vaults (5/5) D:14
  Crypt (3/3) Vaults:2       Tomb (0/3) Crypt:3      Depths (5/5) D:15
    Zot (5/5) Depths:5

Altars:
Dithmenos
Elyvilon
Gozag
Kikubaaqudgha
Makhleb
Okawaru
Qazlal
Trog
Uskayaw
The Shining One
Beogh
Lugonu

Shops:
D:8 !   D:9 (%[[[   D:14 :   D:15 ?   Orc:2 !(}[   Snake:3 =   Vaults:3 ?
Vaults:5 [(   Depths:3 [(   Depths:4 [

Portals:
Hell: Lair:6 Depths:1 Depths:2 Depths:3 Depths:4 Depths:5
Abyss: Depths:2 Depths:3 Depths:4
Pandemonium: Depths:3
Ziggurat: Depths:5

Annotations:
Lair:6 exclusion: 2 oklob plants
Swamp:1 Nikola
Vaults:2 Mennas
Zot:5 1 exclusion


Innate Abilities, Weirdness & Mutations

You have a pair of large horns on your head.
You are completely covered in slimy green scales. (AC +4, rPois)
You resist negative energy. (rN+)
You are completely attuned to the shadows.
You are powered by pain.
You are somewhat able to resist unholy torments (1 in 2 success).
You have supernaturally acute eyesight. (SInv)
You are agile. (Dex +2)
Your system is resistant to poisons. (rPois)


Message History

Dithmenos accepts your kill.
No target in view!
No target in view!
(D) Dungeon (T) Temple (L) Lair (S) Swamp (P) Snake Pit (M) Slime Pits (O) Orcish Mines (E) Elven Halls (V) Vaults (C) Crypt (W) Tomb (U) Depths (H) Hell (Z) Zot
Where to? (Enter - D:2 @ (x,y), ? - help) HP restored.
You see here 20 stones.
There is an escape hatch in the ceiling here.
Things that are here:
a club x2
There is a stone staircase leading up here.
You fly upwards.
There is a stone staircase leading down here.
There is an open door here.
There is an open door here.
There is a staircase leading out of the dungeon here.
You have escaped!

#.#...##≈≈≈#
#.'...'≈≈≈≈#
###...##≈≈≈#
##...#.≈≈#
#...##.≈#
##...#.≈#
#...##>#
##...###
##.@.# #####


There were no monsters in sight!

Vanquished Creatures
  An orb of fire (Zot:5)
  5 ancient liches
  2 juggernauts
  Sojobo (Depths:4)
  Saint Roka (Orc:1)
  Boris (twice) (Depths:4 Depths:5)
  Frederick (Crypt:2)
  Bai Suzhen (Crypt:2)
  A Killer Klown (Zot:5)
  The ghost of endorz the Acrobat, a veteran MfGl of Yredelemnul (Depths:5)
  Jory (Crypt:3)
  8 golden dragons
  4 liches
  A bone dragon (Depths:5)
  A Brimstone Fiend (Zot:5)
  An electric golem (Zot:5)
  Jorgrun (Snake:2)
  12 tentacled monstrosities
  Rupert (Lair:4)
  22 Orb Guardians (Zot:5)
  A titan (Vaults:5)
  5 quicksilver dragons
  10 acid blobs (Zot:3)
  4 death cobs
  Kirke (Lair:5)
  4 sphinxes
  3 ancient champions
  6 shadow dragons
  2 Executioners
  2 thorn hunters
  13 tengu reavers
  7 storm dragons
  Donald (Crypt:2)
  An azure jelly (Swamp:4)
  A revenant (Crypt:2)
  2 iron dragons
  8 nagarajas
  Aizul (Vaults:3)
  A draconian monk (Zot:3)
  2 draconian scorchers (Zot:3)
  9 frost giants
  6 fire giants
  3 draconian knights
  16 vault wardens
  A deep elf elementalist (Vaults:5)
  A deep elf sorcerer (Vaults:4)
  A curse skull (Crypt:2)
  A cacodemon (Zot:5)
  5 orc warlords
  3 draconian shifters
  6 ghouls
  2 draconian stormcallers
  13 ironheart preservers
  2 entropy weavers (Vaults:5)
  22 stone giants
  12 vampire knights
  3 deep elf demonologists
  31 very ugly things
  A starcursed mass (Abyss:3)
  3 black draconians (Depths:5)
  The ghost of soberaf the Fighter, a journeyman OgVM of Kikubaaqudgha (Lair:3)
  A white draconian (Zot:2)
  2 purple draconians
  16 yellow draconians
  A spark wasp (Depths:3)
  A green draconian (Depths:5)
  A spark wasp (shapeshifter) (Vaults:5)
  The ghost of Chiseanne the Nimble, a journeyman MiMo of Makhleb (D:14)
  3 deep elf death magi
  4 eidola
  17 ettins
  A crystal guardian (Vaults:4)
  A green death (D:8)
  A blizzard demon (Depths:3)
  A deep elf high priest (Vaults:5)
  A minotaur (Lab)
  22 yaktaur captains
  15 fire dragons
  6 great orbs of eyes
  Josephine (Orc:2)
  A merfolk impaler (Depths:4)
  2 quicksilver dragon skeletons (Crypt:2)
  Erolcha (Orc:1)
  14 jiangshi
  Fannar (Lair:2)
  12 ice dragons
  18 naga warriors
  4 rakshasas
  14 hydras
  8 anacondas
  5 spriggan air magi
  36 vault guards
  2 ghost crabs
  33 two-headed ogres
  4 dancing weapons (Crypt:3)
  8 alligators
  11 centaur warriors
  5 death knights
  8 deep troll shamans
  12 ogre magi
  A catoblepas (Lair:4)
  3 death yaks (D:11)
  2 tengu warriors
  6 orc high priests
  14 vampire magi
  10 naga sharpshooters
  2 titan zombies
  11 deep troll earth magi
  8 thrashing horrors (Abyss:3)
  8 hell knights
  5 storm dragon zombies (Crypt:3)
  7 shock serpents
  3 soul eaters
  Nergalle (Lair:2)
  3 sun demons
  5 spriggan berserkers
  3 deep elf knights
  3 wretched stars (Abyss:3)
  The ghost of Kosschaser the Cleaver, a novice HOBe of Trog (D:8)
  Sonja (Lair:1)
  3 salamander mystics
  A spatial maelstrom (Abyss:3)
  2 titan skeletons (Crypt:2)
  8 iron trolls
  5 shadow wraiths
  42 skeletal warriors
  2 golden dragon zombies (Crypt:3)
  6 spriggan druids
  A sixfirhy (D:2)
  A glowing orange brain (Depths:4)
  3 storm dragon skeletons (Crypt:2)
  3 unseen horrors
  A glowing orange brain (shapeshifter) (Vaults:5)
  28 deep trolls
  8 flayed ghosts
  5 naga ritualists
  A gelid demonspawn (Depths:3)
  A shadow demon (Abyss:3)
  4 swamp dragons
  4 harpies (Vaults:2)
  8 wizards
  The ghost of GordonOverkill the Cleaver, a novice MiIE (D:6)
  An anaconda skeleton (Crypt:2)
  6 deep elf archers
  16 ironbrand convokers
  18 phantasmal warriors
  25 orc knights
  8 mana vipers
  A tengu zombie (Vaults:5)
  2 shadow dragon skeletons
  A wolf spider zombie (Crypt:1)
  5 necromancers
  2 sphinx zombies
  2 golden dragon skeletons (Crypt:2)
  41 ugly things
  5 shambling mangroves
  4 oklob plants (Zot:3)
  3 wolf spiders
  10 salamanders
  3 orc sorcerers
  14 deep elf magi
  A stone giant zombie (D:15)
  A tengu skeleton (Vaults:2)
  6 cyclopes
  10 moths of wrath
  2 manticores
  A manticore (shapeshifter) (Vaults:5)
  An elephant (shapeshifter) (Vaults:1)
  A centaur zombie (D:15)
  A guardian serpent (shapeshifter) (D:14)
  32 black mambas
  An apocalypse crab (Abyss:3)
  2 ice statues (IceCv)
  16 elephants
  17 vault sentinels
  A spiny frog (shapeshifter) (Vaults:2)
  An eye of devastation (Abyss:3)
  2 guardian serpents
  4 smoke demons
  18 naga magi
  2 gargoyles
  8 orange demons
  2 komodo dragons (shapeshifter)
  2 frost giant skeletons (Crypt:2)
  A torpor snail (shapeshifter) (Vaults:3)
  2 dire elephant skeletons (Crypt:2)
  9 komodo dragons
  19 spiny frogs
  2 kobold demonologists
  57 yaktaurs
  A yaktaur skeleton (D:15)
  8 freezing wraiths
  4 rime drakes (Lair:6)
  A white draconian zombie (Crypt:1)
  4 tengu conjurers
  18 trolls
  13 ice devils
  2 hellwings
  An efreet (D:13)
  A yellow draconian skeleton (Crypt:2)
  2 red devils
  2 tormentors (Zot:5)
  A meliai (shapeshifter) (Vaults:5)
  The ghost of morbho the Archer, an amateur CeHu (D:4)
  A pale draconian skeleton (Crypt:3)
  2 polar bears (Lair:6)
  4 tyrant leeches
  A hydra skeleton (Crypt:2)
  A jumping spider zombie (Crypt:3)
  3 bog bodies
  7 raiju (Abyss:3)
  44 slime creatures
  21 hornets
  A minotaur skeleton (Lab)
  19 blink frogs
  3 harpy skeletons (Crypt:2)
  6 hippogriffs
  A hippogriff (shapeshifter) (Vaults:1)
  4 dream sheep (Lair:6)
  2 ettin zombies
  A fire giant simulacrum (Vaults:2)
  An ice dragon zombie (Crypt:3)
  A deep troll skeleton (D:15)
  22 spriggans
  2 stone giant simulacra
  6 air elementals
  3 ettin skeletons
  31 flying skulls
  6 shadows
  An ice dragon skeleton (Crypt:2)
  2 fire dragon skeletons (Crypt:2)
  4 redbacks (Vaults:5)
  A tarantella (Vaults:5)
  59 yaks
  13 water elementals (Depths:4)
  15 wraiths
  3 ynoxinuls
  25 vampires (Crypt:3)
  A human (shapeshifter) (Depths:3)
  A yak (shapeshifter) (Depths:2)
  3 wyverns
  A basilisk (Lair:6)
  2 hogs (Lair:5)
  A golden eye (shapeshifter) (Vaults:2)
  28 vampire mosquitoes
  2 chaos spawn
  A hog (shapeshifter) (Vaults:5)
  3 small abominations (Abyss:3)
  4 swamp worm simulacra (Swamp:4)
  2 hungry ghosts
  64 nagas
  A neqoxec (Depths:3)
  A gelid demonspawn zombie (Crypt:1)
  2 spatial vortices (Abyss:3)
  2 acid dragons
  20 swamp worms
  7 wargs
  10 insubstantial wisps (Swamp:4)
  4 soldier ants
  A water nymph zombie (Crypt:3)
  An orb spider zombie (Crypt:3)
  11 water moccasins
  A monstrous demonspawn zombie (Crypt:2)
  6 porcupines
  A floating eye (shapeshifter) (Vaults:5)
  14 hydra simulacra (Swamp:4)
  7 large abominations
  2 phantoms
  4 hell hounds (Lair:6)
  6 swamp drakes
  4 ice beasts
  81 orc warriors
  5 sky beasts
  4 black bears
  A snapping turtle zombie (Crypt:3)
  A necrophage (D:9)
  7 wolves
  An ettin simulacrum (Vaults:2)
  16 boggarts
  A swamp dragon skeleton (Crypt:3)
  An eye of draining (shapeshifter) (Vaults:3)
  43 ogres
  A dream sheep skeleton (Crypt:2)
  3 snapping turtle skeletons (Crypt:2)
  17 centaurs
  17 crocodiles
  6 big kobolds
  21 bullfrogs
  A yaktaur zombie (Crypt:2)
  A wyvern zombie (D:14)
  A salamander skeleton (Crypt:1)
  3 scorpions
  A troll zombie (Crypt:1)
  A water moccasin skeleton (D:8)
  9 killer bees
  20 wights
  6 electric eels (D:10)
  12 crimson imps
  3 howler monkeys
  A human simulacrum (Vaults:3)
  3 quasits
  A bullfrog zombie (D:7)
  6 hounds
  23 jellies
  2 bullfrog skeletons
  56 orc priests
  3 centaur skeletons
  2 human skeletons
  3 iron imps
  5 iguanas
  32 orc wizards
  16 worker ants
  Ijyb (D:4)
  4 hell rats (Lair:4)
  A basilisk skeleton (Crypt:3)
  An acid dragon zombie (Crypt:2)
  2 hound zombies
  3 hound skeletons
  Robin (D:2)
  9 gnolls
  A howler monkey skeleton (D:5)
  11 adders
  3 river rats (Lair:4)
  5 shadow imps
  23 white imps
  4 swamp drake simulacra (Swamp:4)
  9 ufetubi
  2 oozes
  2 adder zombies
  An adder skeleton (D:4)
  13 worms
  A barachi skeleton (Crypt:2)
  2 dart slugs
  3 leopard geckos
  176 orcs
  3 bats
  A bat skeleton (Crypt:1)
  6 giant cockroaches
  8 hobgoblins
  15 jackals
  33 kobolds
  5 quokkas
  3 frilled lizards
  A giant cockroach zombie (Crypt:3)
  16 goblins
  A goblin skeleton (Crypt:1)
  A jackal skeleton (Crypt:1)
  11 rats
  A river rat skeleton (Crypt:1)
  A fungus (Lair:6)
  2 plants (D:12)
2620 creatures vanquished.

Vanquished Creatures (collateral kills)
  An Executioner (Zot:5)
  An orc (Orc:1)
2 creatures vanquished.

Vanquished Creatures (others)
  A reaper (IceCv)
  A hydra (Swamp:4)
  A deep troll (Depths:4)
  A smoke demon (Zot:5)
  A death yak skeleton (Crypt:2)
  A red devil (Zot:5)
  An orc wizard (Orc:2)
  4 white imps
  2 ufetubi (IceCv)
  2 orcs
  A jackal skeleton (Crypt:2)
  9 fungi
  A lurking horror (Abyss:3)
  8 plants
  3 withered plants (D:15)
37 creatures vanquished.

Grand Total: 2659 creatures vanquished

Notes
Turn   | Place    | Note
-------+----------+-------------------------------------------
     0 | D:1      | Unprepared the Demonspawn Wanderer began the quest for the Orb.
     0 | D:1      | Unprepared set off with: a +2 short sword, a +0 ring mail, 11 poisoned needles, a +0 blowgun, a bread ration
     0 | D:1      | Reached XP level 1. HP: 18/18 MP: 1/1
   617 | D:1      | Gained mutation: You are slightly more attuned to the shadows. [demonic ancestry]
   617 | D:1      | Reached XP level 2. HP: 22/24 MP: 0/2
  1010 | D:2      | Noticed Robin
  1401 | D:2      | Killed Robin
  1401 | D:2      | Reached XP level 3. HP: 15/31 MP: 1/3
  1496 | D:2      | Found an iron altar of Okawaru.
  2307 | D:2      | Gained mutation: You are partially covered in slimy green scales. (AC +2) [demonic ancestry]
  2307 | D:2      | Reached XP level 4. HP: 21/38 MP: 2/4
  2428 | D:2      | Reached skill level 5 in Fighting
  3204 | D:4      | Gained mutation: You have a pair of small horns on your head. [demonic ancestry]
  3204 | D:4      | Reached XP level 5. HP: 35/46 MP: 5/5
  3222 | D:4      | Noticed morbho's ghost (amateur CeHu)
  3462 | D:4      | Found an opulent altar of Gozag.
  3462 | D:4      | Found a glowing golden altar of the Shining One.
  3564 | D:4      | Reached XP level 6. HP: 18/53 MP: 1/6
  3996 | D:4      | Noticed Ijyb
  4038 | D:4      | Killed Ijyb
  4055 | D:4      | Gained mutation: You are dopey. (Int -2) [potion of mutation]
  4055 | D:4      | Gained mutation: You have a pair of horns on your head. [potion of mutation]
  4686 | D:4      | Killed morbho's ghost
  4686 | D:4      | Reached XP level 7. HP: 30/63 MP: 4/7
  5444 | D:5      | Entered Level 5 of the Dungeon
  5483 | D:5      | Gained mutation: You are mostly covered in slimy green scales. (AC +3) [demonic ancestry]
  5483 | D:5      | Reached XP level 8. HP: 65/69 MP: 8/8
  5572 | D:5      | Reached skill level 5 in Short Blades
  6028 | D:5      | Lost mutation: You have a pair of horns on your head. [potion of mutation]
  6028 | D:5      | Lost mutation: You are dopey. (Int -2) [potion of mutation]
  6028 | D:5      | Gained mutation: Your system is resistant to poisons. (rPois) [potion of mutation]
  6028 | D:5      | Gained mutation: You have supernaturally acute eyesight. (SInv) [potion of mutation]
  6028 | D:5      | Gained mutation: You are agile. (Dex +2) [potion of mutation]
  6514 | D:6      | Gained mutation: You sometimes gain a little power by taking damage. [demonic ancestry]
  6514 | D:6      | Reached XP level 9. HP: 75/75 MP: 9/9
  6589 | D:6      | Noticed GordonOverkill's ghost (novice MiIE)
  6645 | D:6      | Killed GordonOverkill's ghost
  7065 | D:6      | Found a shadowy altar of Dithmenos.
  7086 | D:6      | Became a worshipper of Dithmenos the Shadowed
  7365 | D:7      | Reached skill level 10 in Short Blades
  7568 | D:7      | Found a staircase to the Ecumenical Temple.
  7661 | D:7      | Reached * piety under Dithmenos
  8297 | D:7      | Found a bloodstained altar of Trog.
  8593 | D:8      | Gained mutation: You are significantly more attuned to the shadows. [demonic ancestry]
  8593 | D:8      | Reached XP level 10. HP: 40/82 MP: 4/10
  8714 | D:8      | Noticed Kosschaser's ghost (novice HOBe)
  9150 | D:8      | Found Micwiel's Distillery.
  9159 | D:8      | Bought a potion of might for 56 gold pieces
  9159 | D:8      | Bought a potion of haste for 140 gold pieces
  9165 | D:8      | Found a white marble altar of Elyvilon.
  9211 | D:8      | Reached ** piety under Dithmenos
  9628 | D:8      | Killed Kosschaser's ghost
  9908 | D:7      | Reached skill level 1 in Invocations
 10100 | D:8      | Reached skill level 1 in Stealth
 10265 | D:9      | Found Ciosan's Antique Armour Emporium.
 10275 | D:9      | Found Ydghazxuss's Antique Armour Emporium.
 10283 | D:9      | Found Xeelen's Armour Emporium.
 10338 | D:9      | Reached skill level 2 in Stealth
 10419 | D:9      | Found an ancient bone altar of Kikubaaqudgha.
 10516 | D:9      | Reached *** piety under Dithmenos
 10615 | D:9      | Reached skill level 3 in Stealth
 10681 | D:9      | Noticed a two-headed ogre
 10724 | D:9      | Killed a two-headed ogre
 10724 | D:9      | Reached skill level 1 in Shields
 10769 | D:9      | Found an iron altar of Okawaru.
 10945 | D:9      | Found Waenuj's Food Emporium.
 11008 | D:9      | Found Lesite's Weapon Shop.
 11043 | D:9      | Reached XP level 11. HP: 89/89 MP: 14/14
 11157 | D:10     | Entered Level 10 of the Dungeon
 11292 | D:10     | Found an ancient bone altar of Kikubaaqudgha.
 11769 | D:10     | Reached skill level 5 in Invocations
 11789 | D:10     | Reached skill level 4 in Stealth
 11933 | D:10     | Reached **** piety under Dithmenos
 12552 | D:10     | Noticed an unseen horror
 12557 | D:10     | Killed an unseen horror
 12946 | D:11     | Noticed a two-headed ogre
 12951 | D:11     | Killed a two-headed ogre
 12979 | D:11     | Reached skill level 10 in Fighting
 13011 | D:11     | Found a staircase to the Orcish Mines.
 13040 | D:11     | Noticed a death yak
 13042 | D:11     | Found a staircase to the Lair.
 13100 | D:11     | Killed a death yak
 13120 | D:11     | Reached skill level 5 in Stealth
 13120 | D:11     | Reached skill level 5 in Shields
 13708 | D:11     | Noticed a death yak
 13721 | D:11     | Killed a death yak
 13722 | D:11     | Noticed a death yak
 13781 | D:11     | Killed a death yak
 13781 | D:11     | Gained mutation: You have a pair of horns on your head. [demonic ancestry]
 13781 | D:11     | Reached XP level 12. HP: 85/98 MP: 13/17
 13937 | Lair:1   | Entered Level 1 of the Lair of Beasts
 14037 | Lair:1   | Noticed Sonja
 14042 | Lair:1   | Killed Sonja
 14097 | Lair:1   | Reached ***** piety under Dithmenos
 14167 | Lair:1   | Reached skill level 6 in Stealth
 15080 | Lair:2   | Noticed Fannar
 15101 | Lair:2   | Killed Fannar
 15137 | Lair:2   | Noticed a seven-headed hydra
 15141 | Lair:2   | Killed a seven-headed hydra
 15380 | Lair:2   | Noticed Nergalle
 15402 | Lair:2   | Killed Nergalle
 15410 | Lair:2   | Found a staircase to the Swamp.
 15901 | Lair:3   | HP: 1/100 [komodo dragon (16)]
 16041 | Lair:3   | Found a staircase to the Snake Pit.
 16070 | Lair:3   | Noticed a four-headed hydra
 16076 | Lair:3   | Killed a four-headed hydra
 16076 | Lair:3   | Reached skill level 7 in Stealth
 16130 | Lair:3   | Reached XP level 13. HP: 68/106 MP: 13/19
 16375 | Lair:3   | You fall through a shaft for 2 floors!
 16388 | Lair:5   | Found a labyrinth entrance.
 16395 | Lab      | Entered a labyrinth
 16479 | Lab      | Noticed a minotaur
 16491 | Lab      | Killed a minotaur
 16622 | Lair:5   | Found a stormy altar of Qazlal.
 16990 | Lair:5   | Noticed Kirke
 16994 | Lair:5   | Killed Kirke
 16994 | Lair:5   | Reached skill level 10 in Invocations
 17089 | Lair:5   | Reached skill level 8 in Stealth
 17689 | Lair:4   | Found a frozen archway.
 17747 | IceCv    | Entered an ice cave
 18103 | IceCv    | Got a warped hat
 18109 | IceCv    | Identified the cursed -4 hat "Koteptel" {-Cast rPois Dex+4} (You found it in an ice cave)
 18255 | IceCv    | Killed a reaper
 18731 | Lair:4   | Reached skill level 9 in Stealth
 18777 | Lair:4   | Noticed Rupert
 19110 | Lair:4   | Killed Rupert
 19112 | Lair:4   | Got an ichor-stained plate armour
 19113 | Lair:4   | Identified the cursed +1 plate armour of Usoam {rC+ Str+2} (You took it off Rupert on level 4 of the Lair of Beasts)
 19502 | Lair:3   | Reached skill level 10 in Stealth
 19518 | Lair:3   | Reached XP level 14. HP: 95/118 MP: 15/22
 19651 | Lair:3   | Noticed soberaf's ghost (journeyman OgVM)
 19672 | Lair:3   | Killed soberaf's ghost
 20142 | Lair:6   | Entered Level 6 of the Lair of Beasts
 20554 | Lair:6   | Reached ****** piety under Dithmenos
 20746 | Lair:6   | Reached skill level 11 in Stealth
 20961 | Lair:6   | Found a staircase to the Slime Pits.
 21040 | Lair:6   | Reached skill level 1 in Dodging
 21381 | Lair:6   | Found a burning altar of Makhleb.
 21675 | Lair:6   | Found a gateway to Hell.
 22057 | Orc:1    | Entered Level 1 of the Orcish Mines
 22057 | Orc:1    | Noticed an orc warlord
 22135 | Orc:1    | Noticed an orc warlord
 22223 | Orc:1    | Reached skill level 5 in Armour
 22225 | Orc:1    | Noticed Erolcha
 22231 | Orc:1    | Killed Erolcha
 22398 | Orc:1    | Killed an orc warlord
 22843 | Orc:2    | Entered Level 2 of the Orcish Mines
 22855 | Orc:2    | Found a staircase to the Elven Halls.
 22885 | Orc:2    | Noticed Josephine
 22914 | Orc:2    | Killed Josephine
 23044 | Orc:2    | Noticed Saint Roka
 23248 | Orc:1    | Killed Saint Roka
 23248 | Orc:1    | Reached XP level 15. HP: 80/124 MP: 18/23
 24359 | Orc:2    | Reached skill level 12 in Stealth
 24620 | Orc:2    | Reached skill level 5 in Dodging
 25377 | Orc:2    | Found Bus Desm's Gadget Shop.
 25379 | Orc:2    | Found Peggisas's Weapon Boutique.
 25380 | Orc:2    | Found Suw Ciucy's Distillery.
 25380 | Orc:2    | Found Voghoit's Armour Boutique.
 25386 | Orc:2    | Bought the +2 shield of Resistance {rF+ rC+ MR+} for 575 gold pieces
 25390 | Orc:2    | Bought a potion of haste for 150 gold pieces
 25390 | Orc:2    | Bought a potion of heal wounds for 75 gold pieces
 25390 | Orc:2    | Bought a potion of heal wounds for 75 gold pieces
 25390 | Orc:2    | Bought a potion of haste for 150 gold pieces
 25390 | Orc:2    | Bought a potion of haste for 150 gold pieces
 25613 | Orc:2    | Killed an orc warlord
 26494 | D:9      | Bought a fine leather armour for 168 gold pieces
 26504 | D:9      | Identified the cursed +0 leather armour of the Beggar {MR+ Dex+3} (You bought it in a shop on level 9 of the Dungeon)
 28242 | D:14     | Noticed Chiseanne's ghost (journeyman MiMo)
 28289 | D:14     | Killed Chiseanne's ghost
 28510 | D:14     | Found a hide-covered altar of Uskayaw.
 28829 | D:14     | Found a gate to the Vaults.
 28907 | D:14     | Found Soelaj's Book Shop.
 29009 | D:15     | Entered Level 15 of the Dungeon
 29030 | D:15     | Found Dyczomp's Magic Scroll Shoppe.
 29097 | D:15     | Found a shadowy altar of Dithmenos.
 29328 | D:15     | Gained mutation: You are completely covered in slimy green scales. (AC +4, rPois) [demonic ancestry]
 29328 | D:15     | Reached XP level 16. HP: 124/131 MP: 22/24
 29545 | D:15     | Found a staircase to the Depths.
 29841 | D:15     | Reached skill level 10 in Shields
 30862 | Swamp:1  | Entered Level 1 of the Swamp
 31163 | Swamp:1  | Noticed Nikola
 31329 | Swamp:2  | Noticed a thorn hunter
 31334 | Swamp:2  | Paralysed by a hornet for 3 turns
 31431 | Swamp:2  | Killed a thorn hunter
 32474 | Swamp:3  | Noticed a thorn hunter
 32496 | Swamp:3  | Killed a thorn hunter
 33577 | Swamp:4  | Entered Level 4 of the Swamp
 33578 | Swamp:4  | Reached XP level 17. HP: 137/137 MP: 25/25
 34155 | Swamp:4  | Got a decaying rune of Zot
 35029 | Swamp:3  | Reached skill level 15 in Shields
 35287 | Vaults:1 | Entered Level 1 of the Vaults
 36775 | Vaults:1 | Gained mutation: You are completely attuned to the shadows. [demonic ancestry]
 36775 | Vaults:1 | Reached XP level 18. HP: 138/145 MP: 24/26
 37678 | D:15     | Bought a scroll of acquirement for 988 gold pieces
 38726 | Vaults:2 | Noticed Mennas
 39433 | Vaults:2 | Got a translucent bardiche
 39434 | Vaults:2 | Identified the cursed +3 bardiche of the Cup {chop, Dex+3} (You found it on level 2 of the Vaults)
 39458 | Vaults:2 | Found a staircase to the Crypt.
 40225 | Vaults:3 | Reached skill level 10 in Armour
 40243 | Vaults:3 | Got a crude robe
 40244 | Vaults:3 | Identified the +1 robe of Charity {*Drain rC+ rN+ Str+4} (You found it on level 3 of the Vaults)
 40526 | Vaults:3 | Found Hura's Magic Scroll Boutique.
 40654 | Vaults:3 | Gained mutation: You have a pair of large horns on your head. [demonic ancestry]
 40654 | Vaults:3 | Reached XP level 19. HP: 154/154 MP: 28/28
 40821 | Vaults:3 | Noticed Aizul
 40832 | Vaults:3 | Reached skill level 15 in Fighting
 40869 | Vaults:3 | Killed Aizul
 42243 | Vaults:4 | Noticed a lich
 42264 | Vaults:4 | Killed a lich
 42585 | Vaults:4 | Reached skill level 10 in Dodging
 43880 | Snake:1  | Entered Level 1 of the Snake Pit
 44679 | Snake:2  | Gained mutation: You sometimes gain power by taking damage. [demonic ancestry]
 44679 | Snake:2  | Reached XP level 20. HP: 164/164 MP: 29/29
 45083 | Snake:2  | Noticed Jorgrun
 45094 | Snake:2  | Killed Jorgrun
 45376 | Snake:2  | You fall through a shaft!
 45487 | Snake:3  | Found Fawuot's Jewellery Shop.
 46286 | Snake:4  | Entered Level 4 of the Snake Pit
 47386 | Snake:4  | Got a serpentine rune of Zot
 47921 | Crypt:1  | Entered Level 1 of the Crypt
 48959 | Crypt:2  | Noticed Bai Suzhen
 48976 | Crypt:2  | Noticed Donald
 49182 | Crypt:2  | Killed Donald
 49182 | Crypt:2  | Gained mutation: You resist negative energy. (rN+) [demonic ancestry]
 49182 | Crypt:2  | Reached XP level 21. HP: 156/174 MP: 30/30
 49215 | Crypt:2  | Noticed Frederick
 49241 | Crypt:2  | Killed Frederick
 50062 | Crypt:2  | Killed Bai Suzhen
 50981 | Crypt:3  | Entered Level 3 of the Crypt
 51175 | Crypt:3  | Reached skill level 13 in Stealth
 51209 | Crypt:3  | Found a staircase to the Tomb.
 51833 | Crypt:3  | Paralysed by a vampire knight for 2 turns
 52065 | Crypt:3  | Got a heavily runed lead ring
 52067 | Crypt:3  | Identified the ring of the Tempest {Wiz rElec MR- Str+3} (You took it off a vampire on level 3 of the Crypt)
 52211 | Crypt:3  | Noticed Jory
 52292 | Crypt:3  | Killed Jory
 52351 | Crypt:3  | Identified the Almanac of Gliding Attacks
 52654 | Crypt:3  | Reached XP level 22. HP: 140/184 MP: 31/31
 53441 | Snake:3  | Bought the ring of Pragmatism {*Corrode rF++ rC+ Int+2 Slay+6} for 1246 gold pieces
 53614 | Elf:1    | Entered Level 1 of the Elven Halls
 53947 | Vaults:5 | Entered Level 5 of the Vaults
 53968 | Vaults:5 | Reached skill level 1 in Spellcasting
 54105 | Vaults:5 | Learned a level 3 spell: Confuse
 54107 | Vaults:5 | Got a silver rune of Zot
 54167 | Vaults:5 | Noticed a golden dragon
 54221 | Vaults:5 | Killed a golden dragon
 54221 | Vaults:5 | Reached skill level 14 in Stealth
 54310 | Vaults:5 | Reached skill level 15 in Armour
 54691 | Vaults:5 | Reached skill level 5 in Spellcasting
 55129 | Vaults:5 | Reached skill level 15 in Stealth
 55496 | Vaults:5 | Noticed an ancient lich
 55509 | Vaults:5 | Noticed a golden dragon
 55517 | Vaults:5 | Found Mocaest's Antique Armour Boutique.
 55544 | Vaults:5 | Killed a golden dragon
 55544 | Vaults:5 | Reached XP level 23. HP: 35/191 MP: 33/33
 55744 | Vaults:5 | Found Leimn's Weapon Shop.
 55797 | Vaults:5 | Killed an ancient lich
 57170 | Vaults:5 | Bought a faintly humming leather armour for 182 gold pieces
 57170 | Vaults:5 | Identified the cursed +1 leather armour of the Dragon {*Slow rN++ MR+ Int+4} (You bought it in a shop on level 5 of the Vaults)
 57420 | Depths:1 | Entered Level 1 of the Depths
 57488 | Depths:1 | Reached skill level 1 in Hexes
 57738 | Depths:1 | Got a shimmering bone amulet
 57765 | Depths:1 | Identified the amulet "Ymascho" {Spirit *Corrode rC++ MR+++} (You found it on level 1 of the Depths)
 57985 | Depths:1 | Found a runed door.
 58242 | Depths:1 | Reached skill level 16 in Stealth
 58642 | Depths:1 | Cast into level 3 of the Abyss (orc warlord)
 58832 | Abyss:3  | Reached skill level 5 in Hexes
 59148 | Depths:1 | Escaped the Abyss
 59267 | Depths:1 | Found a roughly hewn altar of Beogh.
 59431 | Depths:2 | Found a one-way gate to the infinite horrors of the Abyss.
 60275 | Depths:2 | Learned a level 2 spell: Blink
 60281 | Depths:2 | Learned a level 5 spell: Silence
 60288 | Depths:2 | Learned a level 6 spell: Invisibility
 60399 | Depths:3 | Found Untet's Armour Boutique.
 60404 | Depths:3 | Found Moippal's Antique Weapon Boutique.
 60417 | Depths:3 | Reached XP level 24. HP: 194/199 MP: 36/36
 60512 | Depths:3 | Reached skill level 10 in Spellcasting
 60514 | Depths:3 | Got a scorched gossamer ring
 60515 | Depths:3 | Identified the ring of Optimism {rPois MR+ Str+5 Dex+3} (You took it off a vampire knight on level 3 of the Depths)
 60628 | Depths:3 | Noticed a juggernaut
 61168 | Depths:3 | Killed a juggernaut
 61442 | D:15     | Bought a scroll of enchant weapon for 142 gold pieces
 61442 | D:15     | Bought a scroll of enchant armour for 142 gold pieces
 61442 | D:15     | Bought a scroll of teleportation for 57 gold pieces
 61639 | Depths:3 | Reached skill level 10 in Hexes
 61837 | Depths:3 | Found a one-way gate leading to the halls of Pandemonium.
 61974 | Depths:3 | Reached skill level 17 in Stealth
 62479 | Depths:4 | Found Nitru's Antique Armour Emporium.
 62484 | Depths:4 | Bought a pair of jewelled gloves for 199 gold pieces
 62494 | Depths:4 | Identified the +1 pair of gloves of Buapor {Stlth+} (You bought it in a shop on level 4 of the Depths)
 62791 | Depths:4 | Found a corrupted altar of Lugonu.
 63036 | Depths:4 | Got an ancient wooden ring
 63037 | Depths:4 | Identified the ring "Fossaulo" {+Inv rN++ Dex-3 Stlth-} (You found it on level 4 of the Depths)
 63045 | Depths:4 | Got an encrusted bardiche
 63046 | Depths:4 | Identified the cursed +2 bardiche "Symey" {chop, rN+} (You found it on level 4 of the Depths)
 63248 | Depths:4 | Noticed Sojobo
 63250 | Depths:4 | Killed Sojobo
 63333 | Depths:4 | Noticed Boris
 63399 | Depths:4 | Killed Boris
 63775 | Depths:5 | Entered Level 5 of the Depths
 63872 | Depths:5 | Noticed Boris
 63879 | Depths:5 | Killed Boris
 63947 | Depths:5 | Gained mutation: You are somewhat able to resist unholy torments (1 in 2 success). [demonic ancestry]
 63947 | Depths:5 | Reached XP level 25. HP: 205/205 MP: 38/38
 64018 | Depths:5 | Found a gate to the Realm of Zot.
 64216 | Depths:5 | Noticed a juggernaut
 64219 | Depths:5 | Killed a juggernaut
 64349 | Depths:5 | Found a gateway to a ziggurat.
 64510 | Depths:5 | Noticed endorz's ghost (veteran MfGl)
 64631 | Depths:5 | Killed endorz's ghost
 64785 | Zot:1    | Entered Level 1 of the Realm of Zot
 65292 | Zot:2    | Reached skill level 18 in Stealth
 66300 | Zot:5    | Entered Level 5 of the Realm of Zot
 66319 | Zot:5    | Gained mutation: You are powered by pain. [demonic ancestry]
 66319 | Zot:5    | Reached XP level 26. HP: 212/212 MP: 39/39
 66572 | Zot:5    | Reached skill level 15 in Hexes
 66590 | Zot:5    | Noticed an ancient lich
 66592 | Zot:5    | Noticed an ancient lich
 66594 | Zot:5    | Noticed an orb of fire
 66642 | Zot:5    | Killed an ancient lich
 66687 | Zot:5    | Noticed an ancient lich
 66688 | Zot:5    | Killed an ancient lich
 66699 | Zot:5    | Reached skill level 19 in Stealth
 66704 | Zot:5    | Killed an ancient lich
 66713 | Zot:5    | Killed an orb of fire
 67112 | Zot:5    | Got the Orb of Zot
 67172 | Zot:5    | Noticed an ancient lich
 67191 | Zot:5    | Killed an ancient lich
 67266 | Zot:5    | Noticed an ancient lich
 67277 | Zot:5    | Noticed Foeru the pandemonium lord
 67968 | D:11     | Noticed Emnaer the pandemonium lord
 68168 | D:2      | Noticed a seraph
 68331 | D:$      | Escaped with the Orb!

Skill      XL: |  1  2  3  4  5  6  7  8  9 10 11 12 13 14 15 16 17 18 19 20 21 22 23 24 25 26 |
---------------+-------------------------------------------------------------------------------+-----
Fighting       | 4 5 6 8 9 10 11 13 14 16 17 18 | 18.3
Short Blades   | 4 8 11 12 13 14 | 14.0
Invocations    | 4 7 9 11 13 | 13.0
Stealth        | 3 5 7 10 11 12 13 15 16 17 18 19 | 19.8
Shields        | 2 5 9 14 17 | 17.0
Armour         | 6 8 10 12 13 14 15 16 17 | 17.3
Dodging        | 4 5 8 10 12 13 14 | 14.4
Spellcasting   | 7 9 11 12 13 | 13.4
Hexes          | 8 12 14 16 | 16.7
Crossbows      | |  1.7
Throwing       | |  1.0
Evocations     | |  1.0

Action                   |  1- 3 |  4- 6 |  7- 9 | 10-12 | 13-15 | 16-18 | 19-21 | 22-24 | 25-27 || total
-------------------------+-------+-------+-------+-------+-------+-------+-------+-------+-------++-------
Melee: Short sword       |    94 |       |       |       |       |       |       |       |       ||    94
       Dagger            |    27 |   340 |   469 |   556 |       |       |       |       |       ||  1392
       Headbutt          |       |    36 |    88 |   227 |   406 |   736 |   858 |   730 |   301 ||  3382
       Rapier            |       |       |       |   418 |  1837 |  1848 |       |       |   134 ||  4237
       Quick blade       |       |       |       |       |       |   727 |  3052 |  2208 |   908 ||  6895
 Fire: Blowgun           |       |    14 |     3 |     2 |    23 |       |       |       |       ||    42
Throw: Throwing net      |       |       |       |     1 |     3 |       |       |       |       ||     4
 Cast: Confuse           |       |       |       |       |       |       |       |     3 |       ||     3
       Invisibility      |       |       |       |       |       |       |       |       |     4 ||     4
Invok: Shadow Step       |       |       |       |     1 |       |     2 |       |       |       ||     3
Evoke: Wand              |       |       |     1 |    23 |    14 |     2 |     1 |     2 |     4 ||    47
       Phial of floods   |       |       |       |       |     1 |     1 |       |       |       ||     2
  Use: Potion            |     1 |     9 |     5 |       |     8 |    16 |     9 |     7 |     4 ||    59
       Scroll            |       |     9 |       |    10 |    23 |    14 |    11 |    24 |     8 ||    99
 Stab: Sleeping          |     2 |     4 |     8 |    49 |   136 |   103 |   149 |    98 |    61 ||   610
       Invisible         |       |       |     4 |       |     7 |       |       |       |    16 ||    27
       Distracted        |       |       |       |     1 |    16 |    15 |    17 |    27 |     8 ||    84
       Held in net/web   |       |       |       |       |     6 |       |       |       |       ||     6
       Confused          |       |       |       |       |       |       |       |     2 |       ||     2
  Eat: Chunk             |     4 |     8 |    13 |    14 |    22 |     7 |     4 |     1 |     4 ||    77
       Bread ration      |       |       |       |     3 |     5 |     7 |     8 |     8 |     4 ||    35
Armor: Ring mail         |     7 |       |       |       |       |       |       |       |       ||     7
       Leather armour    |    19 |   159 |   135 |    52 |       |       |       |    28 |       ||   393
       Skin              |       |    25 |       |       |       |       |       |       |       ||    25
       Troll leather arm |       |       |       |    80 |   195 |   243 |   165 |    55 |       ||   738
       Shadow dragon sca |       |       |       |       |       |       |       |    45 |   137 ||   182
Dodge: Dodged            |    45 |   147 |   160 |   287 |   580 |   632 |   676 |   438 |   180 ||  3145
Block: Buckler           |       |       |       |    80 |   255 |       |       |       |       ||   335
       Shield            |       |       |       |       |     1 |  1100 |   971 |   582 |   261 ||  2915
